[Event "Early-Titled-Tuesday-Blitz-June-18-2024"]
[Site "Chess.com"]
[Date "2024.06.18"]
[Round "2"]
[White "LastGladiator1"]
[Black "DontMessWithTheFish"]
[Result "1-0"]
[WhiteElo "2973"]
[BlackElo "2645"]
[TimeControl "180+1"]
[EndTime "8:14:28 PDT"]
[Termination "LastGladiator1 won by resignation"]

1. e4 c6 2. d4 d5 3. exd5 cxd5 4. Bd3 Nc6 5. c3 Qc7 6. h3 g6 7. Ne2 Bf5 8. O-O Nf6 9. Bf4 Qd7 10. Bxf5 gxf5 11. Nd2 e6 12. Nf3 Bd6 13. Ne5 Qc7 14. Re1 O-O-O 15. Bg5 Qe7 16. Ng3 Rdg8 17. Nxc6 bxc6 18.
Nxf5 1-0

[Event "Early-Titled-Tuesday-Blitz-June-18-2024"]
[Site "Chess.com"]
[Date "2024.06.18"]
[Round "2"]
[White "artooon"]
[Black "crazy_but_lazy"]
[Result "1-0"]
[WhiteElo "3102"]
[BlackElo "2671"]
[TimeControl "180+1"]
[EndTime "8:14:41 PDT"]
[Termination "artooon won by resignation"]

1. e4 c6 2. d4 d5 3. e5 Bf5 4. Nc3 e6 5. g4 Bg6 6. Nge2 c5 7. h4 h5 8. Nf4 Bh7 9. g5 Bf5 10.
g6 fxg6 11. Bd3 Ne7 12. Bxf5 Nxf5 13. Nxe6 Qd7 14. Nxd5 Na6 15. Nef4 O-O-O 16. c4 Nxd4 17. Nxg6 Rg8 18. Be3 Qf5 19. Nge7+ Bxe7 20. Nxe7+ Kb8 21. Nxf5 Nxf5 22. Qxh5 Nxe3 23. fxe3 Nb4 24. Ke2 1-0

[Event "Early-Titled-Tuesday-Blitz-June-18-2024"]
[Site "Chess.com"]
[Date "2024.06.18"]
[Round "2"]
[White "FMalexhdez"]
[Black "palombie"]
[Result "0-1"]
[WhiteElo "2299"]
[BlackElo "2522"]
[TimeControl "180+1"]
[EndTime "8:14:41 PDT"]
[Termination "palombie won by resignation"]

1. e4 Nc6 2. d4 e5 3. d5 Nce7 4. Nf3 Ng6 5. c4 Nf6 6. Nc3 Bc5 7. Be2 d6 8. O-O h6 9. h3 a6 10. a3 O-O 11. b4 Ba7 12. Be3 Bxe3 13. fxe3 Nh7 14. c5 Ng5 15. cxd6 cxd6 16. b5 axb5 17. Nxb5 Nxe4 18. Bd3 f5 19. Qc2 Nc5 20. e4 Nf4 21. Ne1 fxe4 22. Bxe4 Nxe4 23. Nc7 Rb8 0-1

[Event "Early-Titled-Tuesday-Blitz-June-18-2024"]
[Site "Chess.com"]
[Date "2024.06.18"]
[Round "2"]
[White "GP9isback23"]
[Black "MagnusCarlsen"]
[Result "0-1"]
[WhiteElo "2685"]
[BlackElo "3186"]
[TimeControl "180+1"]
[EndTime "8:14:52 PDT"]
[Termination "MagnusCarlsen won by resignation"]

1. d4 Nf6 2. Nf3 e6 3. e3 c5 4. Be2 b6 5. O-O Bb7 6. b3 g6 7. Bb2 Bg7 8. c4 O-O 9. Nc3 d6 10. Rc1 Nbd7 11. Qc2 a6 12. Rfd1 Qe7 13. a3 Rac8 14.
b4 Rfd8 15. Qb3 cxd4 16. Nxd4 Ne5 17. Nb1 Ne4 18. f3 d5 19. fxe4 dxc4 20. Qc2 Qg5 21. Qd2 Bxe4 22. Bf1 Rxd4 23. exd4 Nf3+ 24. Kh1 Nxd2 25.
Nxd2 Bd5 26. Nxc4 Bxc4 27. Bxc4 b5 28. Bf1 Rxc1 29. Rxc1 Qd2 30. Rc8+ Bf8 31. Bc1 Qf2 0-1

[Event "Early-Titled-Tuesday-Blitz-June-18-2024"]
[Site "Chess.com"]
[Date "2024.06.18"]
[Round "2"]
[White "LileKoridze"]
[Black "Rutricks"]
[Result "0-1"]
[WhiteElo "2436"]
[BlackElo "2757"]
[TimeControl "180+1"]
[EndTime "8:15:14 PDT"]
[Termination "Rutricks won by resignation"]

1. d4 g6 2. c4 Bg7 3. Nc3 d6 4. e4 Nd7 5. Nf3 e5 6. d5 a5 7. Be2 Nc5 8. O-O Bd7 9. Bg5 f6 10. Be3 Bh6 11. Bxc5 dxc5 12. a3 Qe7 13. Qd3 Bg7 14.
Rfd1 Bf8 15. Rab1 Nh6 16. b4 axb4 17. axb4 cxb4 18. Nb5 Qc5 19. d6 Bxd6 20. Nxd6+ cxd6 21. Qxd6 Qxd6 22. Rxd6 Ke7 23. Rb6 Bc6 24. Bd3 Rhd8 25.
Bc2 Ra2 26. Bd1 Bxe4 27. Rc1 Ng4 28. Rxb4 Nxf2 29. Bb3 Rb2 30. Ne1 Rdd2 0-1

[Event "Early-Titled-Tuesday-Blitz-June-18-2024"]
[Site "Chess.com"]
[Date "2024.06.18"]
[Round "2"]
[White "annazero"]
[Black "Stouuf"]
[Result "1-0"]
[WhiteElo "2531"]
[BlackElo "2753"]
[TimeControl "180+1"]
[EndTime "8:15:18 PDT"]
[Termination "annazero won by checkmate"]

1. g3 g6 2. Bg2 Bg7 3. Nf3 Nf6 4.
d4 O-O 5. O-O d6 6. c4 c6 7. Nc3 Nbd7 8. e4 e5 9. h3 exd4 10.
Nxd4 Qb6 11. b3 Nxe4 12. Nxe4 Qxd4 13. Qxd4 Bxd4 14. Bh6 Bxa1 15. Bxf8 Kxf8 16. Rxa1 Nc5 17. Nxd6 a5 18. Re1 Be6 19. Re5 Nd7 20. Re1 Nc5 21. Re5 Nd7 22. Re1 Ra7 23. Nc8 Ra6 24. Nd6 Rb6 25.
f4 a4 26. Re3 Rb4 27. Ne4 Bf5 28. Nd2 a3 29. g4 Bb1 30. Nxb1 Nc5 31. Nxa3 Ne6 32. Nc2 Rb6 33. f5 Nc5 34. Re5 Nd7 35.
Ra5 Nf6 36. g5 Nh5 37. f6 Nf4 38. Ra8# 1-0

[Event "Early-Titled-Tuesday-Blitz-June-18-2024"]
[Site "Chess.com"]
[Date "2024.06.18"]
[Round "2"]
[White "FlemingA"]
[Black "vladislavkovalev"]
[Result "0-1"]
[WhiteElo "2468"]
[BlackElo "2839"]
[TimeControl "180+1"]
[EndTime "8:15:18 PDT"]
[Termination "vladislavkovalev won by resignation"]

1. Nf3 Nf6 2. g3 d5 3. Bg2 c6 4. O-O Bf5 5. c4 e6 6. Qb3 Qb6 7. d3 Nbd7 8. Be3 Bc5 9. Bxc5 Nxc5 10. Qxb6 axb6 11. Nd4 dxc4 12. dxc4 Bg6 13. Nc3 Ke7 14. Nf3 Rhd8 15. Ne5 Na4 16. Nxg6+ hxg6 17. Nxa4 Rxa4 18. b3 Ra3 19. b4 Rd2 20. e3 Raxa2 21. b5 Rxf2 22.
Rxa2 Rxa2 23. bxc6 bxc6 24. Bxc6 Ng4 25. Rb1 0-1

[Event "Early-Titled-Tuesday-Blitz-June-18-2024"]
[Site "Chess.com"]
[Date "2024.06.18"]
[Round "2"]
[White "cthake"]
[Black "lagedema"]
[Result "0-1"]
[WhiteElo "1814"]
[BlackElo "2438"]
[TimeControl "180+1"]
[EndTime "8:15:19 PDT"]
[Termination "lagedema won by checkmate"]

1. c4 e5 2. Nc3 Nf6 3. d3 Nc6 4. g3 Bb4 5. Bg2 O-O 6. Bg5 Bxc3+ 7. bxc3 h6 8. Bd2 d6 9. e3 Be6 10. Ne2 Qd7 11. O-O Bh3 12. Rb1 Bxg2 13. Kxg2 b6 14. d4 d5 15. cxd5 Qxd5+ 16. Kg1 Ne4 17. Qc2 Ng5 18. f4 Nh3# 0-1

[Event "Early-Titled-Tuesday-Blitz-June-18-2024"]
[Site "Chess.com"]
[Date "2024.06.18"]
[Round "2"]
[White "AustinThomas12345"]
[Black "campochess"]
[Result "1-0"]
[WhiteElo "2487"]
[BlackElo "2228"]
[TimeControl "180+1"]
[EndTime "8:15:31 PDT"]
[Termination "AustinThomas12345 won by resignation"]

1. e4 c5 2. Nf3 Nc6 3. b3 f6 4.
Bb2 e5 5. Bb5 Nge7 6. d3 Nd4 7.
Nxd4 cxd4 8. f4 Qa5+ 9. Nd2 Qxb5 10. Nc4 Ng6 11. f5 d5 12. exd5 Nf4 13. O-O Qxd5 14. Rxf4 exf4 15. Qh5+ Qf7 16. Re1+ Kd8 17. Qxf7 Bc5 18.
Qd5+ 1-0

[Event "Early-Titled-Tuesday-Blitz-June-18-2024"]
[Site "Chess.com"]
[Date "2024.06.18"]
[Round "2"]
[White "Andrey-Ivanov2011"]
[Black "rubicapa"]
[Result "1-0"]
[WhiteElo "2066"]
[BlackElo "2432"]
[TimeControl "180+1"]
[EndTime "8:15:33 PDT"]
[Termination "Andrey-Ivanov2011 won by resignation"]

1. e4 e6 2. d4 d5 3. Nd2 c5 4. exd5 exd5 5. Ngf3 Nc6 6. Bb5 Bd6 7. O-O Ne7 8. dxc5 Bxc5 9. Nb3 Bb6 10. Bg5 O-O 11. Re1 Qd6 12. Bxe7 Nxe7 13. Nbd4 Bg4 14. Qd3 Nc6 15. Bxc6 bxc6 16. h3 Bh5 17. Nf5 Qf6 18. Ne7+ Kh8 19. Qf5 Qxf5 20. Nxf5 Rfe8 21. Ne5 Rac8 22.
Nd6 Rcd8 23. Nxe8 Rxe8 24. g4 Bg6 25. Nxg6+ 1-0

[Event "Early-Titled-Tuesday-Blitz-June-18-2024"]
[Site "Chess.com"]
[Date "2024.06.18"]
[Round "2"]
[White "K_A_S_T_O_R"]
[Black "el_sporco"]
[Result "1-0"]
[WhiteElo "2827"]
[BlackElo "2571"]
[TimeControl "180+1"]
[EndTime "8:15:37 PDT"]
[Termination "K_A_S_T_O_R won by resignation"]

1. e4 e5 2. Nf3 Nc6 3. Bb5 Nf6 4. d3 Bc5 5. c3 d6 6. O-O O-O 7. Re1 a6 8. Ba4 b5 9. Bb3 Bb7 10. h3 Bb6 11. Nbd2 d5 12. exd5 Nxd5 13. Ne4 h6 14. Bxh6 Na5 15. Bg5 f6 16. Be3 Nxb3 17. Qxb3 Rf7 18. Bxb6 cxb6 19. Rad1 Nf4 20. d4 Bc6 21. dxe5 Qc7 22. Nd6 Nxh3+ 23. gxh3 Bxf3 24. Rd3 Bh5 25. Nxf7 Bxf7 26. e6 Be8 27. Qd5 Bc6 28. Qd6 Qb7 29. e7 Re8 30. Qe6+ Kh7 31. Rg3 Bd5 32.
Qf5+ Kg8 33. Qxf6 1-0

[Event "Early-Titled-Tuesday-Blitz-June-18-2024"]
[Site "Chess.com"]
[Date "2024.06.18"]
[Round "2"]
[White "chrisclaireredfield"]
[Black "Sofia_Blokhin"]
[Result "0-1"]
[WhiteElo "2498"]
[BlackElo "2311"]
[TimeControl "180+1"]
[EndTime "8:15:39 PDT"]
[Termination "Sofia_Blokhin won by resignation"]

1. Nf3 g6 2. g3 Bg7 3. Bg2 f5 4. d3 Nf6 5. Nbd2 O-O 6. e4 d6 7. O-O fxe4 8. Nxe4 Nc6 9. h3 e5 10. Bg5 h6 11. Nxf6+ Bxf6 12. Bxh6 Rf7 13. Qd2 Rh7 14. h4 Bg4 15. Bg5 Bxf3 16. Bxf3 Nd4 17. Bxb7 c6 18.
Bxc6 Nxc6 19. f4 Bxg5 20. fxg5 Nd4 21. Rf6 Qxf6 0-1

[Event "Early-Titled-Tuesday-Blitz-June-18-2024"]
[Site "Chess.com"]
[Date "2024.06.18"]
[Round "2"]
[White "Rdeux42"]
[Black "Yan_Dyomin2010"]
[Result "1-0"]
[WhiteElo "2435"]
[BlackElo "2640"]
[TimeControl "180+1"]
[EndTime "8:15:43 PDT"]
[Termination "Rdeux42 won on time"]

1. e4 c5 2. Nf3 Nc6 3. Bb5 Nf6 4. e5 Nd5 5. Nc3 Nc7 6. Bxc6 dxc6 7. h3 h6 8. d3 b6 9. a4 Bf5 10. a5 Ne6 11.
Be3 g5 12. Ne2 Bg7 13. d4 c4 14. Ng3 Bg6 15. O-O b5 16. Ne1 1-0

[Event "Early-Titled-Tuesday-Blitz-June-18-2024"]
[Site "Chess.com"]
[Date "2024.06.18"]
[Round "2"]
[White "Dewarfd"]
[Black "RamonManon0g"]
[Result "0-1"]
[WhiteElo "2131"]
[BlackElo "2466"]
[TimeControl "180+1"]
[EndTime "8:15:47 PDT"]
[Termination "RamonManon0g won on time"]

1. Nf3 Nf6 2. c4 g6 3. b4 Bg7 4.
Bb2 O-O 5. g3 c6 6. Bg2 d5 7.
cxd5 cxd5 8. O-O a6 9. Qb3 Nc6 10. e3 Bg4 11. Nc3 Rc8 12. a4 Qd7 13. b5 Na5 14. Qb4 Nc4 15. d4 a5 16. Qb3 Bxf3 17. Bxf3 Nd2 18. Qd1 Nxf1 19. Qxf1 Rc7 20. Ne2 Rc2 21.
Ba3 Rfc8 22. Nf4 Ne4 23. Bxe4 dxe4 24. Kg2 e5 25. dxe5 Bxe5 26. Rd1 Rd2 0-1

[Event "Early-Titled-Tuesday-Blitz-June-18-2024"]
[Site "Chess.com"]
[Date "2024.06.18"]
[Round "2"]
[White "rasmussvane"]
[Black "stasOR4ik"]
[Result "1-0"]
[WhiteElo "2965"]
[BlackElo "2434"]
[TimeControl "180+1"]
[EndTime "8:15:50 PDT"]
[Termination "rasmussvane won by resignation"]

1. Nf3 c6 2. g3 d5 3. Bg2 Nd7 4. O-O e5 5. d3 f5 6. e4 fxe4 7. dxe4 d4 8. c3 dxc3 9. Nxc3 Ngf6 10. Be3 Be7 11. Qb3 Qc7 12. Ng5 Nf8 13. Qf7+ Kd8 14. Rad1+ Bd7 15. Bh3 h6 16. Bxd7 N6xd7 17. Qxg7 hxg5 18.
Qxh8 Qa5 19. Bxg5 Ke8 20. Qh5+ Kd8 21. Qf7 Bxg5 22. Qxf8+ Kc7 23. Qd6+ Kb6 24. Nd5+ 1-0

[Event "Early-Titled-Tuesday-Blitz-June-18-2024"]
[Site "Chess.com"]
[Date "2024.06.18"]
[Round "2"]
[White "Larina_Maria"]
[Black "DanyKopy"]
[Result "0-1"]
[WhiteElo "2361"]
[BlackElo "2560"]
[TimeControl "180+1"]
[EndTime "8:15:50 PDT"]
[Termination "DanyKopy won by resignation"]

1. e4 c5 2. Nc3 Nc6 3. Bb5 Nd4 4. Nf3 a6 5. Bd3 Nc6 6. Be2 e5 7. a4 Nf6 8. O-O Be7 9. Bc4 Nxe4 10. Bxf7+ Kxf7 11. Nxe4 d5 12. Ng3 e4 13. Ne1 Rf8 14.
f3 exf3 15. Rxf3+ Kg8 16. Rxf8+ Qxf8 17. d3 Bf6 18. c3 Bd7 19. Nf3 Re8 20. Nh5 Bg4 21.
Nxf6+ Qxf6 22. h3 Bxf3 23. Qxf3 Qxf3 24. gxf3 Ne5 25. Kf1 Nxd3 26. Bd2 Nxb2 27. Rb1 Nc4 28. Bf4 Rf8 29. Bc7 Nd2+ 30. Kg2 Nxb1 0-1

[Event "Early-Titled-Tuesday-Blitz-June-18-2024"]
[Site "Chess.com"]
[Date "2024.06.18"]
[Round "2"]
[White "FARIZA2018"]
[Black "Eagle_2019"]
[Result "0-1"]
[WhiteElo "2596"]
[BlackElo "2855"]
[TimeControl "180+1"]
[EndTime "8:15:52 PDT"]
[Termination "Eagle_2019 won by resignation"]

1. e4 c5 2. Nf3 a6 3. c4 Nc6 4.
d4 cxd4 5. Nxd4 e5 6. Nf5 d5 7.
cxd5 Bxf5 8. exf5 Nd4 9. Nc3 Nf6 10. Bg5 Qb6 11. Bxf6 Qxb2 12. Rc1 gxf6 13. Bd3 Bh6 14. Rc2 Nxc2+ 15. Qxc2 Qxc2 16. Bxc2 Rc8 0-1

[Event "Early-Titled-Tuesday-Blitz-June-18-2024"]
[Site "Chess.com"]
[Date "2024.06.18"]
[Round "2"]
[White "VirtualCoach"]
[Black "AmbartsumianTyhran2012"]
[Result "1-0"]
[WhiteElo "2354"]
[BlackElo "2524"]
[TimeControl "180+1"]
[EndTime "8:15:54 PDT"]
[Termination "VirtualCoach won by checkmate"]

1. e4 c5 2. Nf3 Nc6 3. d4 cxd4 4. Nxd4 e6 5. Nc3 a6 6. Nxc6 bxc6 7. Bd3 d5 8. O-O Nf6 9. Re1 Be7 10. e5 Nd7 11. Qg4 g6 12. Bh6 c5 13. Rad1 Rb8 14. b3 Rb4 15.
Qf3 Bb7 16. Bf4 Qa5 17. Na4 Rxf4 18. Qxf4 c4 19. Bf1 O-O 20. Re3 Bc6 21. Rh3 Bxa4 22. Qh6 Bf6 23. Qxh7# 1-0

[Event "Early-Titled-Tuesday-Blitz-June-18-2024"]
[Site "Chess.com"]
[Date "2024.06.18"]
[Round "2"]
[White "SmirnovAlexandrA"]
[Black "penguingm1"]
[Result "0-1"]
[WhiteElo "2643"]
[BlackElo "2965"]
[TimeControl "180+1"]
[EndTime "8:15:57 PDT"]
[Termination "penguingm1 won by resignation"]

1. e4 e5 2. Nf3 Nc6 3. Bc4 Nf6 4.
d3 h6 5. Nc3 d6 6. h3 g6 7. Be3 Bg7 8. g4 a6 9. a3 Qe7 10. Qd2 Be6 11. O-O-O O-O-O 12. Kb1 d5 13. exd5 Nxd5 14. Nxd5 Bxd5 15. Bxd5 Rxd5 16. Rhe1 e4 17. Ng1 Qf6 18. Qc1 Rb5 19. d4 Na5 20.
c4 Rb3 21. Ne2 Qc6 22. Ka2 Qa4 23. Nc3 Qxc4 24. Kb1 Re8 25. Na2 Qa4 26. Ka1 Rxa3 0-1

[Event "Early-Titled-Tuesday-Blitz-June-18-2024"]
[Site "Chess.com"]
[Date "2024.06.18"]
[Round "2"]
[White "Mops_2004"]
[Black "PedroGil25"]
[Result "1-0"]
[WhiteElo "2815"]
[BlackElo "2564"]
[TimeControl "180+1"]
[EndTime "8:16:02 PDT"]
[Termination "Mops_2004 won by resignation"]

1. g3 Nf6 2. Bg2 d5 3. f4 c6 4.
Nf3 Nbd7 5. d3 g6 6. Nc3 Bg7 7. e4 O-O 8. e5 Ng4 9. Qe2 f6 10. d4 fxe5 11. dxe5 e6 12. Ng5 Ndxe5 13. fxe5 Nxe5 14.
Rf1 Rxf1+ 15. Kxf1 Bd7 16. Bf4 Qf6 17. Qxe5 Qxe5 18. Bxe5 Bxe5 19. Bh3 Rf8+ 20. Kg2 Rf6 21. Re1 Bd4 22. Re2 1-0

[Event "Early-Titled-Tuesday-Blitz-June-18-2024"]
[Site "Chess.com"]
[Date "2024.06.18"]
[Round "2"]
[White "TheAlienParty"]
[Black "Barboval"]
[Result "1/2-1/2"]
[WhiteElo "2326"]
[BlackElo "2528"]
[TimeControl "180+1"]
[EndTime "8:16:10 PDT"]
[Termination "Game drawn by repetition"]

1. Nf3 Nf6 2. b3 d5 3. Bb2 Bg4 4. e3 e6 5. Be2 Be7 6. Ne5 Bxe2 7. Qxe2 O-O 8. O-O Nbd7 9. f4 Nxe5 10. fxe5 Nd7 11. d3 c5 12. Nd2 Qc7 13. Nf3 b5 14. Rf2 c4 15. Bd4 cxb3 16. cxb3 a5 17. h4 a4 18. bxa4 Rxa4 19. Qb2 Rb4 20. Rc1 Qb7 21. Qc3 Nb6 22. Qc7 Rb8 23. Bxb6 Qxb6 24. Qxe7 Qxe3 25.
Rc7 Rf4 26. d4 h6 27. Rb7 Rc8 28. Rc7 Ra8 29. Ra7 Rc8 30. Rc7 Ra8 31. Ra7 Rc8 32.
Rc7 1/2-1/2

[Event "Early-Titled-Tuesday-Blitz-June-18-2024"]
[Site "Chess.com"]
[Date "2024.06.18"]
[Round "2"]
[White "Cxrjs"]
[Black "SuperGPatzer"]
[Result "1-0"]
[WhiteElo "2465"]
[BlackElo "2083"]
[TimeControl "180+1"]
[EndTime "8:16:10 PDT"]
[Termination "Cxrjs won by resignation"]

1. e4 g5 2. d4 h6 3. h4 g4 4.
Qxg4 d5 5. Qf3 dxe4 6. Qxe4 Nf6 7. Qd3 Nc6 8. c3 e5 9. dxe5 Qxd3 10. Bxd3 Nxe5 11.
Be2 Rg8 12. Bf4 Bd6 13. g3 h5 14. Nd2 Bf5 15. O-O-O O-O-O 16. Bg5 Be7 17. Ngf3 Nd3+ 18. Bxd3 Bxd3 19. Ne5 Bg6 20. Nxg6 fxg6 21. Rhe1 Rd7 22. Rxe7 Rxe7 23. Bxf6 Re2 24. Bd4 b6 25. Be3 Rd8 26.
Rf1 c5 27. Kd1 1-0

[Event "Early-Titled-Tuesday-Blitz-June-18-2024"]
[Site "Chess.com"]
[Date "2024.06.18"]
[Round "2"]
[White "Louis-Paulsen-Fan"]
[Black "edgarhay012"]
[Result "1-0"]
[WhiteElo "2431"]
[BlackElo "2674"]
[TimeControl "180+1"]
[EndTime "8:16:16 PDT"]
[Termination "Louis-Paulsen-Fan won by resignation"]

1. d4 Nf6 2. Nf3 e6 3. c4 c5 4.
d5 b5 5. dxe6 fxe6 6. cxb5 d5 7.
g3 Be7 8. Bg2 O-O 9. O-O Nbd7 10.
Nc3 Bb7 11. Ng5 Qb6 12. e4 d4 13. Na4 Qd6 14. e5 Nxe5 15. Bxb7 Rab8 16. Bg2 h6 17.
Ne4 Nxe4 18. Bxe4 Rxb5 19. b3 Bf6 20. Ba3 d3 21. Rc1 Bg5 22. Rxc5 Qd4 23. Rxb5 Qxe4 24.
Rxe5 Qxe5 25. Bxf8 Qe4 26. Bc5 h5 27. Qxh5 Bd2 28.
Rd1 Qe2 29. Qxe2 dxe2 30. Rb1 e1=Q+ 31. Rxe1 Bxe1 32. Bxa7 Kf7 33. Bd4 g5 34. Bc3 1-0

[Event "Early-Titled-Tuesday-Blitz-June-18-2024"]
[Site "Chess.com"]
[Date "2024.06.18"]
[Round "2"]
[White "GM_dmitrij"]
[Black "Iskusnyh"]
[Result "1-0"]
[WhiteElo "3038"]
[BlackElo "2657"]
[TimeControl "180+1"]
[EndTime "8:16:18 PDT"]
[Termination "GM_dmitrij won on time"]

1. c4 c5 2. g3 g6 3. Bg2 Bg7 4. Nc3 Nc6 5. d3 d6 6. Qd2 e5 7. b3 Nge7 8. Bb2 O-O 9. e3 Be6 10. Nd5 Rb8 11. Ne2 b5 12. O-O Qd7 13. Rfd1 Bg4 14.
Re1 Nxd5 15. Bxd5 Kh8 16. Nc3 b4 17. Ne2 h5 18. Rad1 Kh7 19. Bg2 1-0

[Event "Early-Titled-Tuesday-Blitz-June-18-2024"]
[Site "Chess.com"]
[Date "2024.06.18"]
[Round "2"]
[White "Kgli1m"]
[Black "Philosopherrr"]
[Result "0-1"]
[WhiteElo "2096"]
[BlackElo "2464"]
[TimeControl "180+1"]
[EndTime "8:16:18 PDT"]
[Termination "Philosopherrr won by checkmate"]

1. d4 Nf6 2. Bf4 d6 3. e3 g6 4. Nf3 Bg7 5. h3 O-O 6. Be2 Nc6 7. c3 e5 8. Bg5 e4 9. Nfd2 d5 10. a4 Ne7 11. b4 c6 12. c4 h6 13.
Bxf6 Bxf6 14. Nc3 Be6 15. Qb3 Qd7 16. b5 Bg7 17. a5 a6 18. bxc6 bxc6 19. Rb1 Kh7 20.
Qb7 Rfb8 21. Qxd7 Rxb1+ 22. Ncxb1 Bxd7 23. Kd1 c5 24. dxc5 Ba4+ 25. Ke1 f5 26. f3 Rb8 27.
cxd5 Nxd5 28. Bc4 Nxe3 29. Bxa6 Nxg2+ 30. Kf2 e3+ 31. Kxg2 exd2 32. c6 Rb2 33. Kg3 d1=Q 34. Rxd1 Bxd1 35. f4 Rc2 36. Bb7 Bd4 37. Na3 Rc3+ 38.
Kg2 Bf3+ 39. Kf1 Rc1# 0-1

[Event "Early-Titled-Tuesday-Blitz-June-18-2024"]
[Site "Chess.com"]
[Date "2024.06.18"]
[Round "2"]
[White "bazar-wokzal"]
[Black "Yaacovn"]
[Result "0-1"]
[WhiteElo "2600"]
[BlackElo "2863"]
[TimeControl "180+1"]
[EndTime "8:16:21 PDT"]
[Termination "Yaacovn won by resignation"]

1. e4 c6 2. d4 d5 3. f3 dxe4 4. fxe4 e5 5. Nf3 Be6 6. c3 Nf6 7. Bd3 Nbd7 8. O-O Qb6 9. Kh1 O-O-O 10. a4 Qc7 11. Be3 Bd6 12. Bg1 h5 13. Ng5 h4 14.
Nxe6 fxe6 15. Nd2 Nh5 16. Rf3 Ng3+ 17. Rxg3 hxg3 18. Qg4 Rde8 19. Nc4 Nf6 20. Qxg3 Nh5 21. Qg4 exd4 22. Nxd6+ Qxd6 23. cxd4 Ng3+ 0-1

[Event "Early-Titled-Tuesday-Blitz-June-18-2024"]
[Site "Chess.com"]
[Date "2024.06.18"]
[Round "2"]
[White "aot317"]
[Black "cochess777"]
[Result "0-1"]
[WhiteElo "2513"]
[BlackElo "2330"]
[TimeControl "180+1"]
[EndTime "8:16:22 PDT"]
[Termination "cochess777 won by checkmate"]

1. e4 c5 2. Nf3 Nc6 3. d4 cxd4 4. Nxd4 g6 5. Nc3 Bg7 6. Be3 Nf6 7. Bc4 O-O 8. Bb3 Re8 9. f3 e6 10. f4 Nd5 11. exd5 exd5 12. Nxd5 Bxd4 13. Qd2 Bxe3 14. Nxe3 Qb6 15. Kf2 d5 16. Bxd5 Bf5 17. c4 Nb4 18. Kf3 Rxe3+ 19. Qxe3 Bg4+ 20. Kxg4 Qxe3 21. g3 Qe2+ 22. Kh3 Nd3 23. Rhf1 Nf2+ 24. Kg2 Ng4+ 25. Kh3 Qxh2+ 26. Kxg4 Qh5# 0-1

[Event "Early-Titled-Tuesday-Blitz-June-18-2024"]
[Site "Chess.com"]
[Date "2024.06.18"]
[Round "2"]
[White "Emp3rador"]
[Black "ClauAmura"]
[Result "1-0"]
[WhiteElo "2620"]
[BlackElo "2394"]
[TimeControl "180+1"]
[EndTime "8:16:23 PDT"]
[Termination "Emp3rador won by resignation"]

1. e4 c5 2. Nf3 Nc6 3. d4 cxd4 4.
Nxd4 Nf6 5. Nc3 e6 6. Ndb5 d6 7. Bf4 e5 8. Bg5 a6 9. Na3 b5 10. Nd5 Be7 11. Bxf6 Bxf6 12. c3 Ne7 13. Nxf6+ gxf6 14. Nc2 f5 15. exf5 Bxf5 16. Ne3 Be4 17. a4 b4 18. Nc4 Nc8 19. cxb4 O-O 20. Be2 Qg5 21. Qd2 Qg6 22. f3 Bf5 23. O-O Rd8 24. Nxe5 Qe6 25. Nc6 Rd7 26. Nd4 Qe5 27. Nxf5 Qxf5 28. Bd3 Qe5 29.
Rfe1 Qd4+ 30. Kh1 Kh8 31. Re8+ 1-0

[Event "Early-Titled-Tuesday-Blitz-June-18-2024"]
[Site "Chess.com"]
[Date "2024.06.18"]
[Round "2"]
[White "KinKaiser"]
[Black "AthanasiusLefebvre"]
[Result "1-0"]
[WhiteElo "2467"]
[BlackElo "2149"]
[TimeControl "180+1"]
[EndTime "8:16:24 PDT"]
[Termination "KinKaiser won by resignation"]

1. e4 c5 2. Nf3 e6 3. d4 cxd4 4. Nxd4 a6 5. c4 Nc6 6. Nc3 Qc7 7. Qd3 Nf6 8. Be2 Ne5 9. Qg3 d6 10. b3 h5 11. f4 h4 12. Qf2 Neg4 13. Bxg4 Nxg4 14.
Qf3 e5 15. Nd5 Qc5 16. Nf5 Bxf5 17. exf5 Nf6 18. Nxf6+ gxf6 19. Be3 Qb4+ 20. Bd2 Qb6 21. O-O-O Rc8 22. Bc3 Bh6 23. Rhe1 Kf8 24. Bd2 Qd4 25.
Kb1 b5 26. fxe5 fxe5 27. Bxh6+ 1-0

[Event "Early-Titled-Tuesday-Blitz-June-18-2024"]
[Site "Chess.com"]
[Date "2024.06.18"]
[Round "2"]
[White "KogotBobra17"]
[Black "AnishOnYoutube"]
[Result "0-1"]
[WhiteElo "2665"]
[BlackElo "3059"]
[TimeControl "180+1"]
[EndTime "8:16:26 PDT"]
[Termination "AnishOnYoutube won by resignation"]

1. e4 c5 2. Nf3 d6 3. d4 cxd4 4. Nxd4 Nf6 5. Nc3 a6 6. f3 e5 7. Nb3 Be6 8. Be3 h5 9. Qd2 Nbd7 10. Nd5 Bxd5 11. exd5 g6 12. O-O-O Bg7 13. Na5 Qc7 14.
Qb4 Rc8 15. Nc4 Bf8 16. c3 b5 17. Na5 Bh6 18. Bxh6 Rxh6 19. Nc6 Nb6 20. Bxb5 axb5 21. Qxb5 Kf8 22. c4 Kg7 23. g4 hxg4 24. fxg4 Nxg4 25.
Rd2 Nd7 26. Rg1 Ngf6 27. Ne7 Qxc4+ 28. Qxc4 Rxc4+ 29. Rc2 Rxc2+ 30. Kxc2 Rxh2+ 0-1

[Event "Early-Titled-Tuesday-Blitz-June-18-2024"]
[Site "Chess.com"]
[Date "2024.06.18"]
[Round "2"]
[White "SilverCityIndigo"]
[Black "GoltsevDmitry2000"]
[Result "0-1"]
[WhiteElo "2416"]
[BlackElo "2706"]
[TimeControl "180+1"]
[EndTime "8:16:28 PDT"]
[Termination "GoltsevDmitry2000 won by resignation"]

1. d4 e6 2. Nf3 d5 3. c4 dxc4 4.
e3 Nf6 5. Bxc4 c5 6. O-O Nc6 7. Nc3 a6 8. d5 exd5 9. Nxd5 b5 10. Nxf6+ Qxf6 11. Bd5 Bb7 12. e4 h6 13. e5 Qd8 14.
Qb3 Qc7 15. e6 O-O-O 16. exf7 Rxd5 17. Qxd5 Nd4 18. Qh5 Bxf3 19. gxf3 Qc6 20. Qg4+ Kb7 21. Be3 Nxf3+ 22. Kh1 Nd2+ 23. f3 Nxf1 24. Rxf1 g5 25. Rd1 Bd6 26. Qe6 Qxf3+ 27. Kg1 Qxd1+ 28. Kf2 Qc2+ 29. Kf1 Qd3+ 30. Kf2 Kc7 31. Qf6 Rf8 0-1

[Event "Early-Titled-Tuesday-Blitz-June-18-2024"]
[Site "Chess.com"]
[Date "2024.06.18"]
[Round "2"]
[White "Bob_2004"]
[Black "Dr_Pepper18"]
[Result "1-0"]
[WhiteElo "2763"]
[BlackElo "2477"]
[TimeControl "180+1"]
[EndTime "8:16:30 PDT"]
[Termination "Bob_2004 won by resignation"]

1. d4 Nf6 2. c4 g6 3. Nc3 Bg7 4. e4 d6 5. Be2 O-O 6. Bg5 c5 7. d5 h6 8. Bf4 e6 9. dxe6 Bxe6 10.
Qd2 Re8 11. Bxh6 Bh8 12. Nf3 Nc6 13. O-O Ng4 14. Bf4 Nge5 15. Nxe5 dxe5 16. Be3 Nd4 17. Nd5 Qh4 18. Nc7 Qxe4 19. Nxa8 Rxa8 20. Bxd4 cxd4 21. Bf3 Qh4 22. Bxb7 Rb8 23. Bd5 Bxd5 24. cxd5 e4 25. Rac1 d3 26. Rc4 f5 27. Qxd3 exd3 28. Rxh4 Rxb2 29.
Rd1 Rxa2 30. Kf1 d2 31. Ke2 Bf6 32. Rc4 Kf7 33. Rxd2 Rxd2+ 34. Kxd2 Ke7 35. Ra4 Kd6 36. Ra6+ Kxd5 37. Rxf6 1-0

[Event "Early-Titled-Tuesday-Blitz-June-18-2024"]
[Site "Chess.com"]
[Date "2024.06.18"]
[Round "2"]
[White "jcibarra"]
[Black "secretworker2027"]
[Result "1-0"]
[WhiteElo "3004"]
[BlackElo "2653"]
[TimeControl "180+1"]
[EndTime "8:16:31 PDT"]
[Termination "jcibarra won by resignation"]

1. e4 c5 2. Nf3 Nc6 3. Nc3 e5 4. Bc4 d6 5. d3 Be7 6. O-O h6 7. Nd5 Nf6 8. c3 O-O 9. h3 Be6 10. Nxe7+ Qxe7 11. Bb5 Rac8 12. Re1 Rfd8 13. d4 cxd4 14.
cxd4 exd4 15. Nxd4 Nxd4 16. Qxd4 Rc5 17. Bf1 Rdc8 18. Bf4 Ne8 19. Bd3 a5 20. b3 b5 21.
Rad1 b4 22. Bb1 Rc3 23. e5 d5 24. Bd2 Qd7 25. Bxc3 bxc3 26. Rc1 Qc6 27. Re3 1-0